 Dungeon Crawl Stone Soup version 0.29.0-5-ge4962eb29e (webtiles) character file.

Game seed: 9260210315687337784

82 freelancePsychic the Magician (level 5, -6/38 HPs)
             Began as a Meteoran Hedge Wizard on Aug 30, 2022.
             Was an Initiate of Vehumet.
             Mangled by Ijyb
             ... wielding a +6 club
              (8 damage)
             ... on level 3 of the Dungeon.
             The game lasted 00:03:05 (1135 turns).

freelancePsychic the Magician (MeHW)                Turns: 1135, Time: 00:03:06

Health: -6/38      AC:  3    Str:  9 (12) XL:     5   Next: 1%
Magic:  13/13      EV: 12    Int: 14 (17) God:    Vehumet [......]
Gold:   19         SH:  0    Dex: 11 (13) Spells: 12/13 levels left

rFire   . . .      SeeInvis .   l - +2 quarterstaff
rCold   . . .      Faith    .   (shield currently unavailable)
rNeg    . . .      Spirit   .   b - +0 robe
rPois   .          Reflect  .   c - +0 hat
rElec   .          Harm     .   (no cloak)
rCorr   +          Rampage  .   i - +0 pair of gloves
Will    .....                   (no boots)
Stlth   +.........              (no amulet)
HPRegen 0.12/turn               k - ring of resist corrosion
MPRegen 0.13/turn               (no ring)

@: mighty, glowing
A: sense surroundings 1, otherworldly, glowing, explore regen
a: Renounce Religion


You were on level 3 of the Dungeon.
You worshipped Vehumet.
Vehumet was noncommittal.
You visited 1 branch of the dungeon, and saw 3 of its levels.

You collected 19 gold pieces.

Inventory:

Hand Weapons
 a - a +0 dagger
 l - a +2 quarterstaff (weapon)
Armour
 b - a +0 robe (worn)
 c - a +0 hat (worn)
 i - a +0 pair of gloves (worn)
Magical Staves
 f - a staff of poison
Jewellery
 k - a ring of resist corrosion (left hand)
Scrolls
 e - a scroll of blinking {unknown}
 m - a scroll of poison {unknown}
 n - a scroll of teleportation {unknown}
Potions
 d - a potion of magic
 o - a potion of ambrosia {unknown}


   Skills:
 - Level 2.4 Dodging
 - Level 1.4 Stealth
 + Level 4.7 Spellcasting
 + Level 2.5 Conjurations
 - Level 1.2 Summonings
 - Level 1.2 Translocations
 + Level 2.1 Air Magic
 + Level 2.1 Poison Magic


You had 12 spell levels left.
You knew the following spells:

 Your Spells              Type           Power      Damage    Failure   Level
a - Magic Dart            Conj           40%        1d5       6%          1

Your spell library contained the following spells:

 Spells                   Type           Power      Damage    Failure   Level
 Blink                    Tloc           12%        N/A       17%         2
 Call Imp                 Summ           6%         N/A       17%         2
 Slow                     Hex            12%        N/A       19%         1
 Mephitic Cloud           Conj/Pois/Air  9%         N/A       22%         3
 Conjure Flame            Conj/Fire      6%         6-21      32%         3


Dungeon Overview and Level Annotations

Branches:
Dungeon (3/15) Zot: 657

Altars:
Vehumet

Annotations:
D:3 Ijyb


Innate Abilities, Weirdness & Mutations

You passively map a small area around you.
You are easily found by Zot.
You glow in the dark.
You regain HP and MP as you explore.


Message History

Vehumet accepts your kill.
You can't see any susceptible monsters within range! (Use Z to cast anyway.)
You can't see any susceptible monsters within range! (Use Z to cast anyway.) Magic restored.
Ijyb the Twisted Goblin comes into view.
She is wielding a +6 club and carrying a wand of digging (8).
Ijyb shouts!
Ijyb zaps a wand.
You hear a grinding noise.
You aren't carrying any items that you can evoke.
It was a potion of degeneration.
There was something very wrong with that liquid.
You feel weakened.
You feel dopey.
You feel clumsy.
It was a potion of cancellation.
You feel magically purged.
It was a potion of might.
You feel very mighty all of a sudden.
You hit Ijyb but do no damage. Ijyb barely misses you.
You sock Ijyb!
Ijyb is heavily wounded.
Ijyb hits you with a +6 club.
You closely miss Ijyb.
Ijyb is heavily wounded.
Ijyb hits you with a +6 club!
You are too injured to fight recklessly!
You are too injured to fight recklessly!
You barely miss Ijyb.
Ijyb is heavily wounded.
Ijyb hits you with a +6 club. x2
You sock Ijyb!
Ijyb is almost dead.
Ijyb hits you with a +6 club.
* * * LOW HITPOINT WARNING * * *
You barely miss Ijyb.
Ijyb is almost dead.
Ijyb hits you with a +6 club!
* * * LOW HITPOINT WARNING * * *
Okay, then.
You closely miss Ijyb.
Ijyb is almost dead.
Ijyb hits you with a +6 club!
You die...

#..###.## *
#......# * *
#...##.# ,
##.###.# *
#.###.# * ,
#.....# ,
#.###########
#.# #.g....#
#.# #@#
#.####..###
#.........# *
#####..##.# ,
, *.#.# ... ,
.##.#* #.# #
#.. .# * ###
* #


You could see Ijyb.

Vanquished Creatures
  4 adders (D:2)
  2 bats
  3 endoplasms (D:2)
  3 giant cockroaches
  6 goblins
  6 hobgoblins
  3 quokkas
  A ball python (D:1)
  5 frilled lizards
  4 kobolds
  7 rats (D:1)
44 creatures vanquished.

Notes
Turn   | Place    | Note
-------+----------+-------------------------------------------
     0 | D:1      | freelancePsychic the Meteoran Hedge Wizard began the quest
                  | for the Orb.
     0 | D:1      | Reached XP level 1. HP: 14/14 MP: 6/6
    54 | D:1      | Reached XP level 2. HP: 14/20 MP: 1/8
   144 | D:1      | Reached skill level 1 in Air Magic
   144 | D:1      | Reached skill level 1 in Poison Magic
   339 | D:1      | Reached XP level 3. HP: 26/26 MP: 6/9
   562 | D:2      | Reached XP level 4. HP: 24/33 MP: 3/11
   768 | D:2      | Found a radiant altar of Vehumet.
   775 | D:2      | Became a worshipper of Vehumet
   779 | D:2      | Found a faded altar of an unknown god.
   871 | D:2      | Reached XP level 5. HP: 17/38 MP: 3/13
  1125 | D:3      | Noticed Ijyb
  1135 | D:3      | Mangled by Ijyb

Illustrated notes

Levels and vault maps discovered:
D:1:      ebering_trefoil_3fold, layout_loops_ring
D:2:      layout_loops_ring, hellmonk_ecumenical_altar_arch_garden, basic_altar,
          minivault_14, minmay_goblin_outpost
D:3:      layout_loops_corners, mainiacjoe_overflow_alcove_1, uniq_terence,
          uniq_crazy_yiuf_cottage, uniq_ijyb

Skill      XL: |  1  2  3  4 |
---------------+-------------+-----
Air Magic      | 1 2 |  2.1
Poison Magic   | 1 2 |  2.1
Conjurations   | 2 |  2.5
Dodging        | |  2.4
Stealth        | |  1.4
Spellcasting   | |  4.7
Summonings     | |  1.2
Translocations | |  1.2

Action                   |  1- 3 |  4- 6 || total
-------------------------+-------+-------++-------
Melee: Dagger            |     7 |       ||     7
       Staff             |     9 |     3 ||    12
       Quarterstaff      |       |    18 ||    18
 Cast: Magic Dart        |    68 |    26 ||    94
  Use: Scroll            |       |     2 ||     2
       Potion            |       |     3 ||     3
 Stab: Sleeping          |       |     2 ||     2
Armor: Robe              |    11 |     8 ||    19
Dodge: Dodged            |    19 |    12 ||    31
